Map: Lightshade LE

Players

TYTY (TY)

  • Race: Terran Terran
  • Spawn Location: 5:00

PartinG - Winner!

  • Race: Protoss Protoss
  • Spawn Location: 11:00

Event: IEM Katowice 2021

VOD

Have the link to the VOD?

Description

Time

  • Played on: Feb. 27, 2021, 11:14 a.m.
  • Length: 9:56

All games in this series

Show
View Real Time Build Order
Export as new Build Order

TYTY Terran 

Build Orders: 1/1/1 

Get SALT Encoding   

  12  0:00  SCV  
  13  0:12  SCV  
  14  0:18  Supply Depot  
  14  0:24  SCV  
  15  0:29  Refinery  
  15  0:40  SCV  
  16  0:44  Barracks  
  16  0:52  SCV  
  18  1:04  SCV  
  18  1:08  Supply Depot  
  18  1:16  SCV  
  19  1:31  Marine  
  21  1:33  Factory, Orbital Command  
  20  1:54  Barracks Reactor  
  21  2:01  SCV  
  21  2:12  Command Center  
  21  2:13  SCV  
  22  2:25  Starport  
  23  2:32  Hellion x2  
  26  2:37  Supply Depot  
  26  2:40  SCV  
  27  2:54  Hellion  
  27  2:55  Hellion  
  27  2:58  Refinery  
  31  3:02  Medivac  
  31  3:04  SCV  
  34  3:12  Bunker  
  34  3:19  Marine x2  
  36  3:23  Factory Tech Lab  
  37  3:28  Orbital Command  
  35  3:37  Marine x2  
  33  3:49  Siege Tank  
  36  3:57  Marine  
  36  3:59  Marine  
  39  4:02  SCV  
  39  4:08  SCV  
  38  4:15  SCV, Marine  
  38  4:16  Marine  
  41  4:20  SCV  
  41  4:23  Siege Tank  
  43  4:31  SCV  
  43  4:32  Marine  
  43  4:34  Marine  
  43  4:35  Orbital Command  
  46  4:43  SCV  
  47  4:50  Marine  
  49  4:55  Siege Tank  
  51  5:00  SCV  
  51  5:01  SCV  
  52  5:07  Starport Tech Lab  
  52  5:11  Command Center  
  51  5:14  SCV  
  51  5:15  Supply Depot  
  51  5:17  SCV  
  53  5:23  Marine x2  
  53  5:26  Raven  
  54  5:34  SCV  
  53  5:41  Marine x2  
  58  5:45  SCV  
  58  5:47  Barracks  
  58  5:48  SCV, Barracks  
  57  5:57  SCV  
  57  6:00  SCV  
  61  6:09  SCV, Supply Depot x2  
  62  6:15  SCV  
  62  6:18  Marine  
  62  6:20  Starport Reactor  
  62  6:22  SCV, Marine  
  62  6:23  Orbital Command  
  64  6:27  SCV  
  65  6:32  Factory Reactor  
  65  6:35  SCV  
  65  6:39  SCV  
  67  6:41  Engineering Bay  
  67  6:43  Marine, Engineering Bay  
  67  6:44  Stimpack, Marine  
  67  6:45  Marine  
  71  6:47  SCV  
  71  6:51  SCV  
  71  6:52  SCV  
  71  6:53  Refinery  
  73  6:55  Marine  
  73  6:56  Refinery  
  73  6:58  Supply Depot  
  73  6:59  SCV  
  75  7:01  Marine  
  75  7:03  SCV  
  75  7:04  SCV  
  75  7:05  Marine x2  
  80  7:08  Terran Infantry Weapons Level 1  
  80  7:10  Terran Infantry Armor Level 1  
  80  7:11  Combat Shield  
  80  7:14  Marine  
  82  7:16  SCV  
  82  7:17  Widow Mine x2  
  82  7:22  Medivac, Marine x2  
  89  7:23  SCV x2  
  89  7:29  Supply Depot  
  90  7:36  Marine x2  
  90  7:37  SCV  
  85  7:41  Widow Mine x2  
  85  7:42  Marine x2  
  89  7:46  SCV x2  
  90  7:51  Medivac  
  90  7:57  Marauder x2  
  94  7:59  SCV  
  94  8:02  SCV  
  93  8:09  Marine x2, Orbital Command, Factory Tech Lab  
  94  8:19  Marauder, SCV x2  
  93  8:24  Medivac x2  
  93  8:25  Marauder  
  98  8:29  Supply Depot  
  98  8:32  Supply Depot, Siege Tank  
  101  8:35  SCV x2  
  101  8:37  Marine x2  
  101  8:41  Marine  
  105  8:46  Marine  
  107  8:54  Supply Depot x2  
  107  8:55  SCV x2  
  109  8:57  Medivac  
  109  8:58  Marine x2  
  109  8:59  Marauder  
  109  9:01  SCV  
  114  9:07  SCV x2  
  114  9:08  Marine  
  115  9:15  SCV  
  115  9:16  Marine  
  102  9:19  SCV  
  102  9:21  Marauder, Marine  
  100  9:24  Viking  
  100  9:26  Marine  
  100  9:29  SCV  
  101  9:31  SCV  
  101  9:33  Marine  
  101  9:41  SCV  
  101  9:43  SCV  
Show
View Real Time Build Order
Export as new Build Order

PartinG Protoss - Winner!

Build Orders: 1 Gate Expand 

Get SALT Encoding   

  12  0:00  Probe  
  13  0:12  Probe  
  14  0:17  Pylon  
  14  0:24  Probe  
  15  0:36  Probe  
  15  0:37  Gateway  
  16  0:48  Probe  
  17  1:06  Nexus  
  17  1:11  Assimilator  
  17  1:14  Probe  
  18  1:24  Cybernetics Core  
  18  1:27  Probe  
  19  1:33  Pylon  
  19  1:39  Probe  
  20  1:51  Gateway, Probe  
  21  1:54  Warp Gate (Chrono Boost)  
  21  1:59  Adept (Chrono Boost)  
  23  2:15  Probe  
  24  2:18  Probe  
  24  2:21  Gateway  
  25  2:25  Stalker  
  27  2:30  Probe  
  27  2:31  Probe  
  29  2:38  Adept  
  29  2:42  Probe  
  29  2:43  Probe  
  33  2:48  Pylon  
  33  2:54  Probe  
  33  2:55  Probe  
  35  3:06  Probe  
  35  3:07  Probe  
  37  3:20  Adept x3  
  37  3:22  Probe x2  
  37  3:23  Shield Battery  
  37  3:27  Shield Battery  
  45  3:43  Stalker x2  
  45  3:45  Probe x2  
  51  3:51  Adept  
  53  3:55  Assimilator  
  53  3:56  Assimilator x2  
  53  3:57  Probe  
  53  4:00  Pylon  
  53  4:02  Pylon  
  54  4:07  Probe  
  54  4:19  Probe x2  
  56  4:25  Pylon  
  56  4:26  Twilight Council  
  56  4:31  Probe x2  
  56  4:39  Stalker x2  
  56  4:40  Stalker  
  56  4:43  Probe x2  
  64  4:55  Blink (Chrono Boost), Probe x2  
  58  5:07  Probe  
  58  5:08  Probe  
  58  5:09  Robotics Facility  
  60  5:16  Stalker x2  
  60  5:17  Stalker  
  60  5:19  Pylon  
  66  5:24  Probe  
  66  5:25  Probe  
  64  5:36  Nexus  
  64  5:39  Probe x2  
  65  5:48  Stalker x2  
  69  5:53  Probe x2  
  69  5:55  Stalker  
  73  5:59  Observer  
  73  6:03  Robotics Bay  
  74  6:06  Probe x2  
  76  6:12  Stalker x2  
  76  6:17  Forge  
  80  6:20  Stalker  
  80  6:24  Probe x2  
  84  6:27  Observer  
  84  6:32  Charge (Chrono Boost)  
  85  6:34  Pylon  
  85  6:37  Pylon, Probe  
  86  6:45  Protoss Ground Weapons Level 1 (Chrono Boost)  
  86  6:46  Observer  
  86  6:47  Probe  
  86  6:48  Observer, Probe  
  86  6:52  Probe  
  90  6:54  Stalker x2  
  90  6:57  Stalker  
  90  7:00  Probe  
  90  7:01  Probe  
  98  7:04  Probe  
  98  7:08  Colossus (Chrono Boost)  
  99  7:12  Probe  
  106  7:17  Gateway  
  106  7:18  Observer  
  106  7:19  Gateway  
  106  7:22  Gateway  
  106  7:26  Gateway  
  106  7:35  Gateway  
  102  7:41  Probe  
  97  7:45  Colossus (Chrono Boost)  
  97  7:48  Pylon  
  97  7:50  Pylon x2  
  103  8:00  Probe x3  
  103  8:03  Zealot x3  
  112  8:07  Nexus  
  112  8:08  Pylon  
  112  8:10  Photon Cannon  
  112  8:13  Shield Battery  
  112  8:25  Colossus (Chrono Boost)  
  112  8:28  Probe x3  
  119  8:35  Zealot x7  
  119  8:36  Zealot  
  135  8:45  Observer  
  135  8:48  Probe  
  135  8:49  Probe x2  
  135  8:50  Photon Cannon  
  136  8:57  Stalker x2  
  139  9:03  Stalker  
  139  9:08  Zealot  
  140  9:15  Zealot x2  
  140  9:16  Zealot  
  112  9:19  Zealot  
  112  9:24  Stalker x2  
  112  9:32  Sentry x2  
  112  9:36  Probe x3  
  112  9:37  Zealot  
  112  9:38  Zealot  
  123  9:44  Zealot x2  
  120  9:53  Zealot x2  

Tags
 
Add a new tag
Caveats
  • Supply blocks, unpowered buildings, or Contaminate may cause inaccurate times.
  • Supply counts are checked every 10 seconds.